 Dungeon Crawl Stone Soup version 0.29.1-4-g47bece8355 (webtiles) character file.

Game seed: 3601762303626334833

4 mester the Insei (level 1, -2/15 HPs)
             Began as a Merfolk Transmuter on Dec 1, 2022.
             Slain by a goblin
             ... wielding a +0 club
              (4 damage)
             ... on level 1 of the Dungeon.
             The game lasted 00:01:50 (363 turns).

mester the Insei (Merfolk Transmuter)                Turns: 363, Time: 00:01:50

Health: -2/15      AC:  2    Str: 10    XL:     1   Next: 60%
Magic:  2/3        EV: 12    Int: 12    God:
Gold:   11         SH:  0    Dex: 14    Spells: 3/4 levels left

rFire   + . .      SeeInvis .     - Unarmed
rCold   x . .      Faith    .   (no shield)
rNeg    . . .      Spirit   .   a - +0 robe
rPois   .          Reflect  .   (helmet currently unavailable)
rElec   .          Harm     .   (no cloak)
rCorr   .          Rampage  .   (no gloves)
Will    .....                   (boots currently unavailable)
Stlth   +.........              (no amulet)
HPRegen 0.05/turn               d - ring of fire
MPRegen 0.08/turn               (no ring)

@: appendages
A: horns 2, (nimble swimmer 2), mertail
a: End Transformation


You were on level 1 of the Dungeon.
You had temporarily grown beastly horns.
You visited 1 branch of the dungeon, and saw 1 of its levels.

You collected 11 gold pieces.

Inventory:

Armour
 a - a +0 robe (worn)
Jewellery
 d - a ring of fire (left hand)
Scrolls
 c - a scroll of teleportation {unknown}
Potions
 b - a potion of lignification
 e - a potion of curing {unknown}


   Skills:
 * Level 1.1 Fighting
 + Level 2.7 Dodging
 + Level 3.3 Unarmed Combat
 + Level 2.0 Spellcasting
 + Level 3.0 Transmutations


You had 3 spell levels left.
You knew the following spells:

 Your Spells              Type           Power      Damage    Failure   Level
a - Beastly Appendage     Tmut           16%        N/A       8%          1

Your spell library contained the following spells:

 Spells                   Type           Power      Damage    Failure   Level
 Wereblood                Tmut           8%         N/A       12%         2
 Spider Form              Tmut/Pois      4%         N/A       41%         3
 Ice Form                 Ice/Tmut       4%         N/A       82%         4


Dungeon Overview and Level Annotations

Branches:
Dungeon (1/15)

Altars:


Innate Abilities, Weirdness & Mutations

You have temporarily grown beastly horns.
((You are very nimble when in or above water. (Stealth+, EV+, Speed+++)))
Your lower body shifts to a powerful aquatic tail in water.


Message History

Found 4 stones.
You see here a +0 dagger.
c - a scroll labelled POPROERAIL
d - a ring of fire Your horns disappear.
e - a lumpy red potion You feel more attuned to fire.
d - a ring of fire (left hand)
You see here 4 stones.
Found a leather armour.
HP restored.
Found a stone staircase leading down.
A bat comes into view.
A goblin comes into view. It is wielding a +0 club.
Found 4 boomerangs.
The bat closely misses you. The bat misses you. The bat barely misses you.
Casting: Beastly Appendage (safe; 8% risk of failure)
Confirm with . or Enter, or press ? or * to list all spells.
You grow a pair of large bovine horns.
The bat hits you but does no damage.
You hit the goblin but do no damage. The bat completely misses you.
The goblin misses you.
You barely miss the goblin. The bat hits you but does no damage.
The goblin hits you with a +0 club.
You hit the goblin.
The goblin is severely wounded.
The bat hits you. The goblin hits you with a +0 club.
The bat hits you but does no damage.
You closely miss the goblin. You headbutt the goblin.
The goblin is almost dead.
The bat barely misses you. The goblin hits you with a +0 club.
You barely miss the goblin. Your headbutt misses the goblin.
The goblin is almost dead.
The bat misses you. The goblin hits you with a +0 club.
* * * LOW HITPOINT WARNING * * *
You barely miss the goblin.
The goblin is almost dead.
The bat hits you but does no damage. The bat barely misses you.
The goblin hits you with a +0 club.
You die...

.........###......#
(.........##.....#
.#+#....#.......#
.#.#....###.....########
...###### #............#
#...#######............#
#.#..........>.........#
..##..######....gb.....#
.)..............@....(.#
.##..............#######
.#...............#
....)#...........#
.....#############
.....# ##...# .....#
############# ...).#
#...........#


You could see a goblin and a bat.

Vanquished Creatures
  An endoplasm (D:1)
  A bat (D:1)
  2 kobolds (D:1)
4 creatures vanquished.

Notes
Turn   | Place    | Note
-------+----------+-------------------------------------------
     0 | D:1      | mester the Merfolk Transmuter began the quest for the Orb.
     0 | D:1      | Reached XP level 1. HP: 15/15 MP: 3/3
   363 | D:1      | Slain by a goblin

Illustrated notes

Levels and vault maps discovered:
D:1:      mainiacjoe_arrival_reflecting_pool, layout_basic, minmay_tromino_v4_a

Skill      XL: |  1 |
---------------+----+-----
Transmutations | 3 |  3.0
Fighting       | |  1.1
Dodging        | |  2.7
Unarmed Combat | |  3.3
Spellcasting   | |  2.0

Action                   || total
-------------------------++-------
Melee: Unarmed           ||    27
       Headbutt          ||     2
 Cast: Beastly Appendage ||     5
Armor: Robe              ||     9
Dodge: Dodged            ||    37
